 Dungeon Crawl Stone Soup version 0.18-a0-5-gf1fb587 (webtiles) character file.

744 Raultor the Sneak (level 7, -7/48 HPs)
             Began as an Octopode Monk on Oct 31, 2015.
             Was a Priest of Cheibriados.
             Mangled by a centaur (9 damage)
             ... on level 5 of the Dungeon.
             The game lasted 00:15:47 (5118 turns).

Raultor the Sneak (Octopode Monk)                   Turns: 5118, Time: 00:15:47

Health: -7/48      AC:  1    Str: 22    XL:     7   Next: 76%
Magic:  7/7        EV: 15    Int: 18    God:    Cheibriados [***...]
Gold:   186        SH:  0    Dex: 21    Spells: 0 memorised, 6 levels left

rFire  . . .     SeeInvis .       - Unarmed
rCold  . . .     Clarity  .     (no shield)
rNeg   . . .     SustAt   .     (helmet restricted)
rPois  .         Gourm    .     (no amulet)
rElec  .         Spirit   .     v - ring of teleportation (curse)
rCorr  .         Warding  .     y - +4 ring of strength
rMut   .         Rnd*Tele +     (no ring)
MR     .....                    (no ring)
Stlth  +++++.....               (no ring)
                                (no ring)
                                (no ring)
                                (no ring)

@: very slow, not resistant to hostile enchantments, quite stealthy
A: almost no armour, amphibious, 8 rings, constrict 8, camouflage 1, gelatinous
body 1
a: Bend Time, Temporal Distortion, Renounce Religion, Evoke Teleportation


You were on level 5 of the Dungeon.
You worshipped Cheibriados.
Cheibriados was most pleased with you.
You were not hungry.

You visited 2 branches of the dungeon, and saw 6 of its levels.

You collected 186 gold pieces.

Inventory:

Missiles
 r - 7 curare-tipped needles
 s - 3 tomahawks (quivered)
 t - 19 poisoned needles
Jewellery
 v - a cursed ring of teleportation (left tentacle)
 y - a +4 ring of strength (right tentacle)
Wands
 q - a wand of digging (9)
 A - a wand of slowing (25)
Scrolls
 b - 7 scrolls of identify {unknown}
 c - 5 scrolls of remove curse {unknown}
 f - 2 scrolls of teleportation {unknown}
 h - a scroll of blinking {unknown}
 i - a scroll of fear {unknown}
 j - a scroll of immolation {unknown}
 k - a scroll of enchant armour {unknown}
 l - 4 scrolls of noise {unknown}
 m - 2 scrolls of fog {unknown}
 z - a scroll of random uselessness {unknown}
 C - a scroll of recharging {unknown}
Potions
 e - a potion of flight {unknown}
 n - 2 potions of curing {unknown}
 o - a potion of cure mutation {unknown}
 p - a potion of degeneration {unknown}
 u - a potion of lignification {unknown}
 w - 2 potions of berserk rage {unknown}
 x - a potion of might {unknown}
Comestibles
 a - 3 bread rations
 d - 18 fruits
 g - 5 meat rations


   Skills:
 + Level 4.0 Fighting
 + Level 3.9 Dodging
 - Level 7.1 Stealth
 + Level 7.0 Unarmed Combat
 * Level 0.2 Invocations


You had 6 spell levels left.
You didn't know any spells.

Dungeon Overview and Level Annotations

Branches:
Dungeon (5/15)             Temple (1/1) D:4

Altars:
Ashenzari
Cheibriados
Dithmenos
Elyvilon
Fedhas
Gozag
Kikubaaqudgha
Makhleb
Nemelex Xobeh
Qazlal
Sif Muna
Trog
Vehumet
Yredelemnul
Zin


Innate Abilities, Weirdness & Mutations

You cannot wear most types of armour.
You are amphibious.
You can wear up to eight rings at the same time.
You can use your tentacles to constrict eight enemies at once.
Your skin changes colour to match your surroundings (Stealth).
Your rubbery body absorbs attacks (AC +1).


Message History

You constrict the crimson imp. The crimson imp hits you.
You tentacle-slap the crimson imp but do no damage.
You squeeze the crimson imp.
You kill the crimson imp!
Cheibriados appreciates the change of pace.
Your Unarmed Combat skill increases to level 7!
You closely miss the orc. Your grab misses the orc.
Your squeeze misses the orc. The orc closely misses you.
You tentacle-slap the orc. You grab the orc. You squeeze the orc.
You kill the orc!
Cheibriados appreciates the change of pace.
The centaur shoots an arrow.
The arrow closely misses you.
The centaur shoots an arrow.
The arrow closely misses you.
The centaur shoots an arrow.
The arrow hits you!
* * * LOW HITPOINT WARNING * * *
The arrow burns you.
* * * LOW HITPOINT WARNING * * *
The centaur unwields an uncursed shortbow of flaming.
It stops flaming.
The centaur hits you!
You die...

#####.##.................'.#
#. #.##.................# #.
#.##...........†.....###. ##
#.##...........(..........
#####.#####
##....(...........
..........#
#...(....##.§...o
..........# #..(%....#
...oo. ..........#
#...c....# ......
#####'##### ###@###### ....a
#.##########(# .....
#..........(.#
##############


You could see a centaur.

Vanquished Creatures
  An ice beast (D:4)
  A giant frog (D:3)
  A scorpion (D:4)
  3 crimson imps
  4 hounds
  An orc wizard (D:4)
  A giant frog zombie (D:5)
  2 worker ants
  An iguana (D:4)
  7 adders
  A worm (D:3)
  14 orcs
  2 ball pythons
  6 bats
  7 giant cockroaches
  9 goblins
  6 hobgoblins
  2 quokkas (D:2)
  6 giant geckos
  6 giant newts
  6 jackals
  5 kobolds
  6 rats
98 creatures vanquished.

Vanquished Creatures (others)
  A quokka (D:5)
1 creature vanquished.

Grand Total: 99 creatures vanquished

Notes
Turn   | Place    | Note
--------------------------------------------------------------
     0 | D:1      | Raultor the Octopode Monk began the quest for the Orb.
     0 | D:1      | Reached XP level 1. HP: 16/16 MP: 1/1
   201 | D:1      | Reached XP level 2. HP: 19/21 MP: 2/2
  1036 | D:2      | Reached XP level 3. HP: 26/26 MP: 3/3
  1895 | D:2      | Reached XP level 4. HP: 29/31 MP: 4/4
  2046 | D:3      | Reached skill level 5 in Unarmed Combat
  2540 | D:3      | Noticed a giant frog
  2554 | D:3      | Killed a giant frog
  2554 | D:3      | Reached skill level 5 in Stealth
  2554 | D:3      | Reached XP level 5. HP: 9/36 MP: 5/5
  2917 | D:3      | Reached skill level 6 in Stealth
  3552 | D:4      | Found a staircase to the Ecumenical Temple.
  3563 | Temple   | Entered the Ecumenical Temple
  3626 | Temple   | Became a worshipper of Cheibriados the Contemplative
  3626 | Temple   | Reached * piety under Cheibriados
  3626 | Temple   | Reached ** piety under Cheibriados
  3671 | D:4      | Reached XP level 6. HP: 32/42 MP: 6/6
  3724 | D:4      | Reached skill level 7 in Stealth
  4045 | D:4      | Found a glowing silver altar of Zin.
  4062 | D:4      | Reached XP level 7. HP: 40/46 MP: 7/7
  4547 | D:5      | Entered Level 5 of the Dungeon
  4693 | D:5      | Found a white marble altar of Elyvilon.
  4823 | D:5      | Found a shadowy altar of Dithmenos.
  5006 | D:5      | Found a radiant altar of Vehumet.
  5106 | D:5      | Reached *** piety under Cheibriados
  5117 | D:5      | HP: 2/48 [centaur/arrow (3)]
  5118 | D:5      | Mangled by a centaur

Vault maps used:
D:1:      sevenhm_arrival_forest_fort_large_2, patterned_corridor
D:2:      lemuel_upstairs_altar, first_bread, dk_vineyard_3
D:3:      wad_crossroads
D:4:      lemuel_round_altar, minmay_temple_entry_purple_smoke,
          nicolae_ossuary_entry_monument
D:5:      nicolae_overflow_crystal_walls, elyvilon_altar_4, basic_altar
Temple:   circular_temple_12

Action                   |  1- 3 |  4- 6 |  7- 9 || total
-------------------------+-------+-------+-------++-------
Melee: Unarmed           |    83 |    93 |    30 ||   206
 Stab: Sleeping          |    10 |    11 |     4 ||    25
       Distracted        |       |     1 |       ||     1
  Eat: Chunk             |     3 |     6 |     2 ||    11
